 Dungeon Crawl Stone Soup version 0.30.1-4-g462c640d31 (webtiles) character file.

Game seed: 769281396764008516

461 GeoRichter the Chopper (level 7, 17/50 HPs)
             Began as a Formicid Fighter on Aug 11, 2023.
             Was a Follower of Hepliaklqana.
             Quit the game on level 4 of the Dungeon.
             The game lasted 00:04:23 (2702 turns).

GeoRichter the Chopper (Formicid Fighter)           Turns: 2702, Time: 00:04:24

Health: 17/50      AC: 14    Str: 22    XL:     7   Next: 28%
Magic:  7/7        EV:  6    Int:  8    God:    Hepliaklqana [*.....]
Gold:   243        SH:  5    Dex: 13    Spells: 6/6 levels left

rFire   . . .        x - +3 whip
rCold   . . .        c - +0 buckler
rNeg    + . .        k - +0 plate armour
rPois   .            (helmet unavailable)
rElec   .            t - +2 cloak
rCorr   .            (no gloves)
SInv    +            (no boots)
Will    .....        f - amulet of the acrobat Stlth
                     b - ring of positive energy
HPRegen 0.28/turn    (no ring)
MPRegen 0.10/turn

%: acrobat
@: seriously poisoned (17 -> 4)
A: reduced essence, permanent stasis, dig shafts and tunnels, antennae 3, four
strong arms
a: Dig, Shaft Self, Renounce Religion, Recall Ancestor, Ancestor Identity


You were on level 4 of the Dungeon.
You worshipped Hepliaklqana.
Hepliaklqana was aware of your devotion.
You visited 1 branch of the dungeon, and saw 4 of its levels.

You collected 243 gold pieces.

Inventory:

Hand Weapons
 a - a +0 war axe
 x - a +3 whip (weapon)
   (You took it off an orc on level 3 of the Dungeon)
Armour
 c - a +0 buckler (worn)
 k - a +0 plate armour (worn)
   (You found it on level 1 of the Dungeon)
 t - a +2 cloak (worn)
   (You found it on level 3 of the Dungeon)
Jewellery
 b - a ring of positive energy (left hand)
   (You found it on level 1 of the Dungeon)
 f - an amulet of the acrobat (around neck)
   (You found it on level 1 of the Dungeon)
Wands
 o - a wand of flame (40)
   (You took it off an orc on level 2 of the Dungeon)
Scrolls
 i - a scroll of summoning {unknown}
 j - a scroll of enchant armour {unknown}
 n - a scroll of fog {unknown}
 p - a scroll of fear {unknown}
 q - a scroll of identify {unknown}
 v - a scroll of torment {unknown}
 w - a scroll of enchant weapon {unknown}
Potions
 d - a potion of might
 e - a potion of heal wounds {@q2}
 g - a potion of cancellation
 h - a potion of brilliance {unknown}
 l - a potion of invisibility {unknown}
 m - a potion of ambrosia {unknown}
 s - a potion of attraction {!q}
 u - a potion of curing {unknown}
 z - a potion of degeneration {unknown}


   Skills:
 + Level 5.5 Fighting
 * Level 6.1 Axes
 - Level 3.2 Armour
 - Level 4.0 Shields


You had 6 spell levels left.
You didn't know any spells.
Your spell library was empty.

Dungeon Overview and Level Annotations

Branches:
Dungeon (4/15) Zot: 21223
 Temple: D:4-7

Altars:
Dithmenos
Hepliaklqana


Innate Abilities, Weirdness & Mutations

Your life essence is reduced to manifest your ancestor. (-10% HP)
You cannot be hasted, slowed, berserked, paralysed or teleported.
You can dig through walls and to a lower floor.
You have a pair of large antennae on your head. (SInv)
Your four strong arms can wield two-handed weapons with a shield.


Message History

The killer bee stings you but does no damage.
You whack the killer bee!
You kill the killer bee!
You feel sick. The killer bee stings you.
* * * LOW HITPOINT WARNING * * *
The killer bee stings you.
* * * LOW HITPOINT WARNING * * *
It was a potion of lignification.
You turn into a tree.
Your +2 cloak melds into your body.
Your +0 plate armour melds into your body.
Your roots penetrate the ground.
* * * LOW HITPOINT WARNING * * *
You feel sick.
You are no longer poisoned.
The killer bee stings you but does no damage. x3
You block the killer bee's attack.
The killer bee stings you but does no damage. x2
Unknown command.
Unknown command.
Okay, then.
Unknown command.
It was a potion of cancellation.
Your magical effects are unravelling.
You feel magically purged.
You feel less wooden.
Your +2 cloak unmelds from your body.
Your +0 plate armour unmelds from your body.
Your hearing returns.
The killer bee stings you but does no damage.
You block the killer bee's attack.
The killer bee stings you but does no damage.
The killer bee completely misses you.
The killer bee stings you but does no damage.
You block the killer bee's attack.
You feel less attractive to monsters.
It was a potion of heal wounds.
You feel much better. The killer bee barely misses you.
The killer bee stings you.
* * * LOW HITPOINT WARNING * * *
You are poisoned.
The killer bee poisons you! You block the killer bee's attack.
The killer bee stings you.
* * * LOW HITPOINT WARNING * * *
You are more poisoned.
The killer bee poisons you!
The killer bee stings you but does no damage. x2
Okay, then.
Saving game... please wait.
Welcome back, GeoRichter the Formicid Fighter.
Hepliaklqana says: Your past becomes your present!
Press ? for a list of commands and other information.
Are you sure you want to abandon this character and quit the game? (Confirm with "yes".)

.. .# ### .# #.. y#
#.. y# #.. .#####.
#..###?......
#.y@yy....#
#.y##.###.# #..{..#
#.#
#...#.###.#######.
#...#.............
........##..........
.##.###.##..#######.
#. #.##..#
..###.##..#


You could see 4 killer bees.

Vanquished Creatures
  An ice beast (D:3)
  A killer bee (D:4)
  A jelly (D:4)
  Natasha (thrice) (D:2)
  5 adders
  A worm (D:2)
  3 dart slugs
  4 orcs
  3 ball pythons
  5 endoplasms
  3 giant cockroaches
  4 goblins
  8 hobgoblins
  2 jackals (D:3)
  5 kobolds
  3 quokkas
  2 bats (D:3)
  7 frilled lizards
  7 rats
68 creatures vanquished.

Vanquished Creatures (collateral kills)
  A scorpion (D:3)
  An orc wizard (D:3)
  2 orcs (D:3)
  2 endoplasms (D:3)
  2 hobgoblins (D:3)
  2 jackals (D:3)
  A kobold (D:3)
11 creatures vanquished.

Vanquished Creatures (others)
  An ancestor (D:4)
1 creature vanquished.

Grand Total: 80 creatures vanquished

Notes
Turn   | Place    | Note
-------+----------+-------------------------------------------
     0 | D:1      | GeoRichter the Formicid Fighter began the quest for the
                  | Orb.
     0 | D:1      | Reached XP level 1. HP: 18/18 MP: 1/1
   191 | D:1      | Reached XP level 2. HP: 21/24 MP: 2/2
   906 | D:1      | Reached XP level 3. HP: 29/30 MP: 3/3
   912 | D:2      | Reached skill level 3 in Axes
  1068 | D:2      | Noticed Natasha
  1073 | D:2      | Killed Natasha
  1074 | D:2      | Reached XP level 4. HP: 36/37 MP: 4/4
  1138 | D:2      | Noticed Natasha
  1156 | D:2      | Killed Natasha
  1284 | D:2      | Reached skill level 4 in Axes
  1329 | D:2      | Reached XP level 5. HP: 42/42 MP: 5/5
  1339 | D:2      | Noticed Natasha
  1350 | D:2      | Killed Natasha
  1739 | D:3      | Noticed an ice beast
  1750 | D:3      | Killed an ice beast
  1751 | D:3      | Reached skill level 5 in Axes
  1751 | D:3      | Reached XP level 6. HP: 27/50 MP: 6/6
  1876 | D:3      | Found a faded altar of an unknown god.
  1882 | D:3      | Prayed at the altar of an unknown god.
  1882 | D:3      | Became a worshipper of Hepliaklqana the Forgotten
  1882 | D:3      | Reached * piety under Hepliaklqana
  1965 | D:3      | Reached skill level 5 in Fighting
  2475 | D:3      | Reached XP level 7. HP: 31/50 MP: 7/7
  2586 | D:3      | Found a shadowy altar of Dithmenos.
  2660 | D:4      | Reached skill level 6 in Axes
  2698 | D:4      | HP: 1/50 [killer bee (6)]
  2702 | D:4      | Quit the game

Illustrated notes

Levels and vault maps discovered:
D:1:      saegor_arrival_simple_e, layout_loops_ring
D:2:      layout_rooms, serial_bayou, serial_bayou_crossing,
          serial_bayou_shore_b, serial_bayou_pond_e, serial_bayou_shore_b,
          uniq_natasha
D:3:      kennysheep_six_static_rooms, layout_basic,
          nicolae_dithmenos_through_a_glass_darkly,
          dreamdust_ecumenical_altar_angels_and_demons, minmay_circle_x
D:4:      layout_loops_ring, chequers_decorated_corner, st_stairs_11

Skill      XL: |  1  2  3  4  5  6  7 |
---------------+----------------------+-----
Axes           | 3 4 5 6 |  6.1
Fighting       | 4 5 |  5.5
Armour         | |  3.2
Shields        | |  4.0

Action                     |  1- 3 |  4- 6 |  7- 9 || total
---------------------------+-------+-------+-------++-------
  Melee: War axe           |    68 |   113 |     3 ||   184
         Whip              |       |       |    11 ||    11
Ability: Dig               |       |     1 |       ||     1
  Evoke: Wand              |       |     4 |       ||     4
    Use: Potion            |       |       |     4 ||     4
         Scroll            |       |       |     1 ||     1
 Armour: Scale mail        |     9 |       |       ||     9
         Plate armour      |    36 |    49 |    12 ||    97
         Skin              |       |       |     5 ||     5
  Dodge: Dodged            |    27 |    42 |     7 ||    76
  Block: Buckler           |    13 |    23 |     7 ||    43
